 Dungeon Crawl Stone Soup version 0.28.0-53-g5a82cb258f (webtiles) character file.

Game seed: 3825374649902578411

49 Scuddy the Chopper (level 3, -3/29 HPs)
             Began as a Demonspawn Chaos Knight on July 4, 2022.
             Was a Plaything of Xom.
             Killed by divine providence
             ... invoked by an orc priest
              (13 damage)
             ... on level 3 of the Dungeon.
             The game lasted 00:02:46 (1117 turns).

Scuddy the Chopper (Demonspawn Chaos Knight)        Turns: 1117, Time: 00:02:46

Health: -3/29      AC:  5    Str: 12      XL:     3   Next: 53%
Magic:  3/3        EV: 11    Int: 14 (15) God:    Xom [*.....]
Gold:   15         SH:  0    Dex: 12      Spells: 2/2 levels left

rFire   . . .      SeeInvis .   a - +0 hand axe (chaos)
rCold   . . .      Faith    .   (no shield)
rNeg    . . .      Spirit   .   b - +2 leather armour
rPois   .          Reflect  .   (helmet restricted)
rElec   .          Harm     .   (no cloak)
rCorr   .          Rampage  .   (no gloves)
Will    .....                   (no boots)
Stlth   +.........              (no amulet)
HPRegen 0.09/turn               (no ring)
MPRegen 0.08/turn               (no ring)

@: no status effects
A: antennae 1, ignite blood 1
a: Renounce Religion


You were on level 3 of the Dungeon.
You worshipped Xom.
You were a special plaything of Xom.
You visited 1 branch of the dungeon, and saw 3 of its levels.

You collected 15 gold pieces.

Inventory:

Hand Weapons
 a - a +0 hand axe of chaos (weapon)
Armour
 b - a +2 leather armour (worn)
Jewellery
 h - a +4 ring of protection
 i - an amulet of magic regeneration
 j - a +4 ring of slaying
Scrolls
 e - a scroll of fear {unknown}
 f - a scroll of immolation {unknown}
 g - a scroll of noise {unknown}
Potions
 c - a potion of might {unknown}
 d - a potion of berserk rage {unknown}


   Skills:
 - Level 3.0 Fighting
 + Level 4.1 Axes
 - Level 1.7 Armour
 - Level 0.8 Dodging
 + Level 0.1 Stealth


You had 2 spell levels left.
You didn't know any spells.
Your spell library contained the following spells:

 Spells                   Type           Power      Damage    Failure   Level
 Corpse Rot               Necr/Air       0%         N/A       50%         2
 Poisonous Vapours        Pois/Air       0%         N/A       50%         2


Dungeon Overview and Level Annotations

Branches:
Dungeon (3/15)

Altars:

Shops:
D:2 =


Innate Abilities, Weirdness & Mutations

You have a pair of small antennae on your head.
Your demonic aura sometimes causes spilled blood to erupt in flames.


Message History

j - a +4 ring of slaying You open the door.
A goblin and 2 gnolls come into view.
The goblin is wielding a +0 dagger of speed.
Found 6 gold pieces.
The goblin shouts!
The gnoll shouts!
You hear a shout! x2
The gnoll enters a dispersal trap!
The goblin blinks!
The gnoll blinks! x3
You blink.
The goblin moves out of view.
The gnoll moves out of view. x2
A gnoll is nearby!
A gnoll is nearby!
The gnoll closely misses you.
A gnoll comes into view. It is wielding a +0 halberd.
You hit the gnoll.
The gnoll is lightly wounded.
The gnoll hits you with a +0 flail. The gnoll hits you with a +0 flail!
You hit the gnoll.
The gnoll is moderately wounded.
The gnoll closely misses you.
You hit the gnoll. You freeze the gnoll.
The gnoll is heavily wounded.
The gnoll barely misses you.
You barely miss the gnoll.
The gnoll is heavily wounded.
The gnoll hits you with a +0 flail.
You are too injured to fight recklessly!
You are too injured to fight recklessly!
Found 13 gold pieces.
There is an escape hatch in the floor here.
The gnoll completely misses you.
You slide downwards.
The hatch slams shut behind you.
The orc wizard shouts!
You hear a shout! x2
Found a smoky silvery potion.
Found an escape hatch in the ceiling.
The orc shouts! x2
The gnoll barely misses you.
The orc priest shouts!
The gnoll hits you with a +0 flail.
The orc priest invokes the aid of Beogh against you.
Beogh smites you!
You die...
Xom cackles wildly!

#.........
#.........
#######.........
................
..............
............#
............#
........@...#
.....o..g...#
............#
............#
.o.ro.......#
.......o....#
.!...o......#
<.......o.....
#######........


You could see an orc priest, 2 orc wizards, a gnoll, 3 orcs and a quokka.

Vanquished Creatures
  A dart slug (D:1)
  3 bats
  An endoplasm (D:1)
  4 giant cockroaches
  8 goblins
  2 hobgoblins (D:1)
  6 jackals (D:1)
  3 quokkas
  7 ball pythons
  A frilled lizard (D:1)
  2 kobolds (D:1)
  4 rats
42 creatures vanquished.

Notes
Turn   | Place    | Note
-------+----------+-------------------------------------------
     0 | D:1      | Scuddy the Demonspawn Chaos Knight began the quest for the
                  | Orb.
     0 | D:1      | Reached XP level 1. HP: 18/18 MP: 1/1
    49 | D:1      | Reached skill level 3 in Axes
    58 | D:1      | XOM: divination: magic mapping
    77 | D:1      | XOM: potion effect (haste)
    89 | D:1      | Gained mutation: You have a pair of small antennae on your
                  | head. [demonic ancestry]
    89 | D:1      | Reached XP level 2. HP: 20/24 MP: 2/2
   167 | D:1      | Found a faded altar of an unknown god.
   401 | D:1      | Gained mutation: Your demonic aura sometimes causes spilled
                  | blood to erupt in flames. [demonic ancestry]
   401 | D:1      | Reached XP level 3. HP: 29/29 MP: 3/3
   722 | D:1      | Reached skill level 4 in Axes
   863 | D:1      | XOM: stat loss: -1 Int (14/15)
   921 | D:2      | Found Ivuxitug's Jewellery Shoppe.
   985 | D:2      | XOM: silly message
   989 | D:2      | XOM: summons 3 hostile shadow creatures
  1117 | D:3      | Killed from afar by an orc priest

Illustrated notes

Levels and vault maps discovered:
D:1:      mainiacjoe_arrival_reflecting_pool, layout_rooms,
          hellmonk_ecumenical_altar_inner_sanctum
D:2:      layout_basic, serial_shops, nicolae_square_shop
D:3:      layout_basic, uniq_ijyb

Skill      XL: |  1  2  3 |
---------------+----------+-----
Axes           | 3 4 |  4.1
Fighting       | |  3.0
Armour         | |  1.7
Dodging        | |  0.8
Stealth        | |  0.1

Action                   || total
-------------------------++-------
Melee: Hand axe          ||   118
       Punch             ||     2
Armor: Leather armour    ||    60
Dodge: Dodged            ||    72
